 Dungeon Crawl Stone Soup version 0.18-a0-1396-g8753ca6 (webtiles) character file.

148 Kidiri the Magician (level 5, -6/28 HPs)
             Began as a Deep Elf Fire Elementalist on Feb 23, 2016.
             Mangled by an ogre
             ... wielding a +0 giant club
              (14 damage)
             ... on level 3 of the Dungeon.
             The game lasted 00:12:40 (3652 turns).

Kidiri the Magician (Deep Elf Fire Elementalist)    Turns: 3652, Time: 00:12:40

Health: -6/28      AC:  3    Str:  5    XL:     5   Next: 8%
Magic:  5/14       EV: 13    Int: 21    God:
Gold:   219        SH:  0    Dex: 15    Spells: 5 memorised, 0 levels left

rFire  . . .     SeeInvis .     f - +1 rapier
rCold  . . .     Gourm    .     a - +1 robe
rNeg   . . .     Faith    +     (no shield)
rPois  .         Spirit   .     (no helmet)
rElec  .         Dismiss  .     (no cloak)
rCorr  .         Reflect  .     (no gloves)
SustAt .         Harm     .     (no boots)
MR     .....     Clarity  +     e - amulet of faith
Stlth  ++........               (no ring)
                                (no ring)

@: very slightly contaminated, not resistant to hostile enchantments, unstealthy
A: blurry vision 1, clarity
a: no special abilities


You were on level 3 of the Dungeon.
You were hungry.

You visited 1 branch of the dungeon, and saw 3 of its levels.

You collected 219 gold pieces.

Inventory:

Hand Weapons
 f - a +1 rapier (weapon)
Armour
 a - a +1 robe (worn)
Jewellery
 e - an amulet of faith (around neck)
Scrolls
 h - a scroll of teleportation
 j - a scroll of identify
 m - a scroll of amnesia {unknown}
 p - a scroll of magic mapping {unknown}
Potions
 i - a potion of haste
 l - a potion of cancellation {unknown}
Books
 b - a book of Flames

   Spells                             Type                      Level
   a - Flame Tongue                   Conjuration/Fire             1
   b - Throw Flame                    Conjuration/Fire             2
   c - Conjure Flame                  Conjuration/Fire             3
   d - Inner Flame                    Hexes/Fire                   3
   e - Sticky Flame                   Conjuration/Fire             4
   f - Fireball                       Conjuration/Fire             5
Comestibles
 c - 3 bread rations
 d - 2 slices of pizza
 g - a beef jerky
 o - 8 fruits
 q - 2 meat rations


   Skills:
 + Level 3.2 Dodging
 + Level 3.2 Stealth
 * Level 4.7 Spellcasting
 + Level 2.4 Conjurations
 + Level 1.1 Hexes
 + Level 4.0 Fire Magic


You couldn't memorise any spells.
You knew the following spells:

 Your Spells              Type           Power        Failure   Level  Hunger
a - Flame Tongue          Conj/Fire      ###..        3%          1    None
b - Throw Flame           Conj/Fire      ###...       6%          2    #......
c - Conjure Flame         Conj/Fire      ###.....     12%         3    ##.....
d - Inner Flame           Hex/Fire       ###.....     14%         3    ##.....
e - Sticky Flame          Conj/Fire      ###.....     34%         4    ####...


Dungeon Overview and Level Annotations

Branches:
Dungeon (3/15)

Altars:
Gozag
Ru
Xom
Zin

Annotations:
D:2 Sigmund


Innate Abilities, Weirdness & Mutations

Scrolls take you a little longer to read.
You possess an exceptional clarity of mind.


Message History

Confirm with . or Enter, or press ? or * to list all spells.
Aiming: Conjure Flame
Press: ? - help, Dir - move target cursor, p - ogre You miscast Conjure Flame.
Your hair stands on end.
The goblin wields an uncursed hunting sling.
The goblin shoots a stone.
The stone hits you but does no damage. The ogre hits you with a giant club!!
Ouch! That really hurt!
* * * LOW HITPOINT WARNING * * *
Unknown command.
Casting: Conjure Flame
Confirm with . or Enter, or press ? or * to list all spells.
Okay, then.
Unknown command.
Read which item? (? for menu, Esc to quit)
Okay, then.
Drink which item? (? for menu, Esc to quit)
You feel better. The ogre hits you with a giant club!
Ouch! That really hurt!
You die...

###.#####..P.≈)≈P≈≈♣###.#
##..# ###..P..PP..# .#
###.#.## ####.##...# #
.......#### #(##...###
#..#......####........#.#
.>###..#.........<......#
.## ##g(..#####.......###
#.###..##.#######...#####
##.#...##....g.O@.......#
##.#.<###########.####.#
#####.[# #.# #.# .......#
#.# #.# ######(# #.# #.#
#.# ##.# #.# #.# #..# #.#
#.# #.## #.# #.# #.# #.#


You could see an ogre and a goblin.

Vanquished Creatures
  Jessica (D:2)
  3 adders
  3 oozes
  2 worms (D:2)
  2 dart slugs
  3 giant geckos
  11 bats
  2 giant cockroaches
  15 goblins
  8 hobgoblins
  6 kobolds
  2 quokkas (D:2)
  4 giant newts
  6 rats
68 creatures vanquished.

Notes
Turn   | Place    | Note
--------------------------------------------------------------
     0 | D:1      | Kidiri the Deep Elf Fire Elementalist began the quest for the Orb.
     0 | D:1      | Reached XP level 1. HP: 10/10 MP: 6/6
   116 | D:1      | Reached XP level 2. HP: 15/15 MP: 5/8
   183 | D:1      | Learned a level 2 spell: Throw Flame
   705 | D:1      | Reached XP level 3. HP: 19/19 MP: 6/9
   710 | D:1      | Learned a level 3 spell: Conjure Flame
   793 | D:2      | Noticed Sigmund
   976 | D:2      | Learned a level 3 spell: Inner Flame
  1210 | D:2      | Gained mutation: You possess an exceptional clarity of mind. [potion of mutation]
  1210 | D:2      | Gained mutation: Scrolls take you a little longer to read. [potion of mutation]
  1465 | D:2      | Reached XP level 4. HP: 24/24 MP: 4/12
  1917 | D:2      | Found a sacrificial altar of Ru.
  1926 | D:2      | Noticed Jessica
  1931 | D:2      | Killed Jessica
  2402 | D:3      | Found a shimmering altar of Xom.
  2403 | D:3      | Found a shimmering altar of Xom.
  2581 | D:3      | Found a shimmering altar of Xom.
  2986 | D:3      | Found a glowing silver altar of Zin.
  2986 | D:3      | Found an opulent altar of Gozag.
  3083 | D:3      | Reached skill level 1 in Hexes
  3083 | D:3      | Reached XP level 5. HP: 28/28 MP: 8/14
  3089 | D:3      | Learned a level 4 spell: Sticky Flame
  3297 | D:3      | Noticed an ogre
  3652 | D:3      | Mangled by an ogre

Vault maps used:
D:1:      minmay_arrival_hallway, solitary_fountain, serial_park_tiny_1
D:2:      first_bread, nicolae_ru_awakened_eye, uniq_sigmund, uniq_jessica
D:3:      grunt_temple_overflow_gold_and_silver, xom_redecorated,
          serial_bayou_pond_b, minmay_ogre_servants

Skill      XL: |  1  2  3  4 |
---------------+-------------+-----
Conjurations   | 2 |  2.4
Stealth        | 3 |  3.2
Spellcasting   | 4 |  4.7
Dodging        | 3 |  3.2
Hexes          | 1 |  1.1
Fire Magic     | 4 |  4.0

Action                   |  1- 3 |  4- 6 || total
-------------------------+-------+-------++-------
Melee: Dagger            |     1 |       ||     1
       Rapier            |     1 |     8 ||     9
 Cast: Flame Tongue      |    31 |    32 ||    63
       Throw Flame       |    21 |    28 ||    49
       Inner Flame       |       |     3 ||     3
       Conjure Flame     |       |     1 ||     1
  Use: Scroll            |     8 |     4 ||    12
       Potion            |     1 |     1 ||     2
 Stab: Sleeping          |     1 |       ||     1
  Eat: Chunk             |     2 |     7 ||     9
